 Dungeon Crawl Stone Soup version 0.30.0-5-g1a98f26d00 (webtiles) character file.

Game seed: 3168392965692966378

771 Woods the Sneak (level 7, -1/49 HPs)
             Began as an Octopode Transmuter on May 10, 2023.
             Was an Initiate of Hepliaklqana.
             Slain by a killer bee (7 damage)
             ... on level 4 of the Dungeon.
             The game lasted 00:12:33 (4372 turns).

Woods the Sneak (Octopode Transmuter)               Turns: 4372, Time: 00:12:34

Health: -1/49      AC:  1    Str: 11    XL:     7   Next: 83%
Magic:  10/10      EV: 14    Int: 15    God:    Hepliaklqana [......]
Gold:   262        SH:  0    Dex: 13    Spells: 9/10 levels left

rFire   . .          .
                       - Unarmed
rCold   . . .        (no shield)
rNeg    . . .        (helmet restricted)
rPois   .            r - amulet of reflection
rElec   .            (no ring)
rCorr   .            (no ring)
SInv    .            (no ring)
Will    .....        (no ring)
Stlth   ++           (no ring)
HPRegen 0.28/turn    (no ring)
MPRegen 0.12/turn    (no ring)
                     (no ring)

%: reflection
@: confused, ambrosia-drunk
A: almost no armour, amphibious, 8 rings, camouflage 1, gelatinous body 1,
(nimble swimmer 1), tentacles
a: Renounce Religion


You were on level 4 of the Dungeon.
You worshipped Hepliaklqana.
Hepliaklqana was noncommittal.
You visited 2 branches of the dungeon, and saw 6 of its levels.

You collected 262 gold pieces.

Inventory:

Missiles
 t - a throwing net
Jewellery
 r - an amulet of reflection (around mantle)
 w - a ring of see invisible
Scrolls
 a - a scroll of acquirement {unknown}
 c - a scroll of immolation {unknown}
 e - 4 scrolls of noise {unknown}
 i - a scroll of enchant weapon {unknown}
 j - a scroll of fear {unknown}
 k - 9 scrolls of identify {unknown}
 l - a scroll of blinking {unknown}
 m - 5 scrolls of fog {unknown}
 o - a scroll of butterflies {unknown}
 p - a scroll of silence {unknown}
 q - 2 scrolls of teleportation {unknown}
Potions
 b - a potion of heal wounds {unknown}
 d - a potion of curing {unknown}
 f - 2 potions of might
 g - a potion of berserk rage {unknown}
 h - a potion of degeneration {unknown}
 n - a potion of magic {unknown}
 s - a potion of cancellation
 u - a potion of ambrosia
 v - a potion of brilliance {unknown}


   Skills:
 * Level 4.5 Fighting
 + Level 3.7 Dodging
 * Level 6.0 Stealth
 * Level 5.4 Unarmed Combat
 - Level 2.0 Spellcasting
 - Level 2.0 Transmutations


You had 9 spell levels left.
You knew the following spells:

 Your Spells              Type           Power      Damage    Failure   Level
a - Beastly Appendage     Tmut           14%        N/A       10%         1

Your spell library contained the following spells:

 Spells                   Type           Power      Damage    Failure   Level
 Wereblood                Tmut           7%         N/A       14%         2
 Spider Form              Tmut/Pois      4%         N/A       41%         3
 Vhi's Electric Charge    Tloc/Air       2%         N/A       54%         3
 Ice Form                 Ice/Tmut       4%         N/A       82%         4
 Arcjolt                  Conj/Air       0%         1d10      99%         5
 Plasma Beam              Fire/Air       0%         2x1d11    100%        6


Dungeon Overview and Level Annotations

Branches:
Dungeon (5/15)             Temple (1/1) D:4

Altars:
Dithmenos
Fedhas
Hepliaklqana
Kikubaaqudgha
Makhleb
Nemelex Xobeh
Qazlal
Ru
Uskayaw
Wu Jian
Yredelemnul


Innate Abilities, Weirdness & Mutations

You cannot wear most types of armour.
You are amphibious.
You can wear up to eight rings at the same time.
Your skin changes colour to match your surroundings (Stealth+).
Your rubbery body absorbs attacks. (AC +1, EV +1)
((You are camouflaged when in or above water. (Stealth+)))
You have tentacles for arms and can constrict up to eight enemies at once.


Message History

Your grab misses the killer bee. The killer bee stings you.
* * * LOW HITPOINT WARNING * * *
The killer bee barely misses you.
Unknown command.
It was a potion of might.
You feel very mighty all of a sudden. The killer bee closely misses you.
You block the killer bee's attack.
You bludgeon the killer bee! Your grab misses the killer bee.
Your tentacle-slap misses the killer bee.
The killer bee is heavily wounded.
You block the killer bee's attack.
You miss the killer bee. Your grab misses the killer bee.
The killer bee is heavily wounded.
You block the killer bee's attack. The killer bee stings you.
* * * LOW HITPOINT WARNING * * *
Unknown command.
You miss the killer bee. Your grab misses the killer bee.
The killer bee is heavily wounded.
The killer bee barely misses you.
The killer bee stings you but does no damage.
You miss the killer bee. Your grab misses the killer bee.
The killer bee is heavily wounded.
The killer bee closely misses you. x2
Unknown command.
You closely miss the killer bee. You grab the killer bee.
The killer bee is heavily wounded.
You constrict the killer bee. You block the killer bee's attack.
The killer bee closely misses you.
It was a potion of cancellation.
Your magical effects are unravelling.
You feel magically purged.
You feel a little less mighty now.
You constrict the killer bee. You block the killer bee's attack.
The killer bee misses you.
There is nothing to cancel.
It was a potion of ambrosia.
You are confused.
You feel invigorated.
You constrict the killer bee. The killer bee closely misses you.
The killer bee stings you!
You die...

#...............###########
#.......................§..
###........................
#........................
#........................
###........................
#............#.............
#.........y..............).
#.........@..............<.
#..................#.#...>.
#####..............#+#####.
#....................'.
#........≈≈≈≈≈.......#.
#......≈≈≈≈≈≈≈≈≈....++.
####....≈≈≈≈≈≈≈≈≈≈≈≈≈..##.
##......≈≈≈≈≈≈...≈≈≈≈≈≈.###
#........).)...>.≈≈≈≈≈≈....


You could see a killer bee.

Vanquished Creatures
  A water moccasin (D:4)
  A phantom (D:4)
  Blork the orc (D:5)
  2 scorpions (D:4)
  A howler monkey (D:4)
  A jelly (D:4)
  3 iguanas
  An orc wizard (D:3)
  5 gnolls (D:4)
  9 adders
  An ufetubus (D:4)
  2 worms
  2 dart slugs
  6 orcs
  5 endoplasms
  2 giant cockroaches (D:2)
  10 goblins
  10 hobgoblins
  8 jackals
  6 quokkas
  2 ball pythons (D:1)
  6 bats
  4 frilled lizards
  5 kobolds
  4 rats
98 creatures vanquished.

Notes
Turn   | Place    | Note
-------+----------+-------------------------------------------
     0 | D:1      | Woods the Octopode Transmuter began the quest for the Orb.
     0 | D:1      | Reached XP level 1. HP: 13/13 MP: 3/3
   146 | D:1      | Reached XP level 2. HP: 18/18 MP: 1/5
   637 | D:2      | Reached skill level 1 in Stealth
   749 | D:2      | Reached XP level 3. HP: 23/24 MP: 4/6
  1116 | D:2      | Reached XP level 4. HP: 24/29 MP: 5/7
  1459 | D:3      | Reached skill level 2 in Stealth
  2158 | D:4      | Noticed a scorpion
  2163 | D:4      | Reached XP level 5. HP: 35/35 MP: 8/8
  2255 | D:4      | Reached skill level 3 in Stealth
  2828 | D:4      | Reached XP level 6. HP: 42/42 MP: 7/9
  3010 | D:4      | Reached skill level 4 in Stealth
  3016 | D:4      | Found a staircase to the Ecumenical Temple.
  3119 | Temple   | Entered the Ecumenical Temple
  3288 | Temple   | Became a worshipper of Hepliaklqana the Forgotten
  3583 | D:4      | Reached XP level 7. HP: 41/47 MP: 10/10
  3645 | D:4      | Found an ancient bone altar of Kikubaaqudgha.
  3711 | D:4      | Reached skill level 5 in Stealth
  3799 | D:4      | Reached skill level 5 in Unarmed Combat
  4288 | D:5      | Entered Level 5 of the Dungeon
  4288 | D:5      | Noticed Blork the orc
  4302 | D:5      | Killed Blork the orc
  4306 | D:5      | Reached skill level 6 in Stealth
  4367 | D:4      | HP: 1/49 [killer bee (5)]
  4372 | D:4      | Slain by a killer bee

Illustrated notes

Levels and vault maps discovered:
D:1:      minmay_arrival_plants_in_alcoves, layout_basic,
          wander_ebering_terrifying_dragon_lair
D:2:      layout_loops_ring
D:3:      layout_loops_ring, hangedman_abyss_or_decor_lesser_grid,
          kennysheep_nub, chequers_serial_rivers_micro_e
D:4:      minmay_octagon_keep, layout_basic,
          mainiacjoe_overflow_small_starburst, temple_pool_b
D:5:      layout_rooms, pdpol_temple_overflow_zin_treasury_gozag_greed,
          marbit_many_paths, trog_book, nicolae_ossuary_entry_monument,
          minmay_ogre_servants, uniq_blork_the_orc, uniq_duvessa
Temple:   compressed_dpeg_circular_temple

Skill      XL: |  1  2  3  4  5  6  7 |
---------------+----------------------+-----
Stealth        | 1 2 3 4 6 |  6.0
Fighting       | 2 3 4 |  4.5
Unarmed Combat | 4 5 |  5.4
Dodging        | 3 |  3.7
Spellcasting   | |  2.0
Transmutations | |  2.0

Action                     |  1- 3 |  4- 6 |  7- 9 || total
---------------------------+-------+-------+-------++-------
  Melee: Unarmed           |    63 |   131 |    65 ||   259
         Kick              |    15 |    14 |       ||    29
         Tentacles         |    11 |    29 |    21 ||    61
         Constrict         |    13 |    31 |    15 ||    59
         Punch             |       |     4 |     2 ||     6
   Cast: Beastly Appendage |    21 |    13 |       ||    34
    Use: Potion            |       |     1 |     4 ||     5
   Stab: Sleeping          |     8 |     7 |     1 ||    16
 Armour: Skin              |     4 |     4 |     6 ||    14
  Dodge: Dodged            |    24 |    73 |    32 ||   129
  Block: Other             |       |    12 |    12 ||    24
         Reflection        |       |       |     1 ||     1
